 Dungeon Crawl Stone Soup version 0.25-b1-46-gb8a1ec05df (webtiles) character file.

Game seed: 5320519560222113607

177 gruber the Shield-Bearer (level 5, -2/28 HPs)
             Began as a Vine Stalker Fighter on June 10, 2020.
             Slain by an ogre
             ... wielding a +0 giant club
              (14 damage)
             ... on level 4 of the Dungeon.
             The game lasted 00:02:51 (3164 turns).

gruber the Shield-Bearer (Vine Stalker Fighter)     Turns: 3164, Time: 00:02:51

Health: -2/28      AC: 10    Str: 19    XL:     5   Next: 57%
Magic:  0/6        EV:  7    Int:  8    God:
Gold:   147        SH:  9    Dex: 14    Spells: 4/4 levels left

rFire    . . .     SeeInvis .   a - +0 rapier
rCold    . . .     Gourm    .   c - +0 kite shield
rNeg     . . .     Faith    .   b - +0 scale mail
rPois    .         Spirit   +   (no helmet)
rElec    .         Reflect  .   h - +2 cloak {rCorr}
rCorr    +         Harm     .   (no gloves)
MR       .....                  (no boots)
Stlth    ..........             (no amulet)
HPRegen  0.49/turn              (no ring)
MPRegen  0.10/turn              (no ring)

@: no status effects
A: fangs 2, regeneration 1, magic shield, antimagic bite, no potion heal 3, rot
immunity
a: no special abilities


You were on level 4 of the Dungeon.
You were not hungry.

You visited 1 branch of the dungeon, and saw 4 of its levels.

You collected 147 gold pieces.

Inventory:

Hand Weapons
 a - a +0 rapier (weapon)
 s - a +0 fustibalus
Missiles
 t - 40 stones (quivered)
 u - 16 sling bullets
Armour
 b - a +0 scale mail (worn)
 c - a +0 kite shield (worn)
 h - a +2 cloak of preservation (worn)
Jewellery
 v - an uncursed ring of protection from fire {unknown}
Scrolls
 e - a scroll of random uselessness {unknown}
 g - 3 scrolls of enchant armour {unknown}
 i - 3 scrolls of identify {unknown}
 j - a scroll of amnesia {unknown}
 k - 3 scrolls of enchant weapon {unknown}
 o - a scroll of teleportation {unknown}
 p - 2 scrolls of remove curse {unknown}
 r - a scroll of fear {unknown}
Potions
 d - a potion of might
 l - 2 potions of curing
 m - a potion of brilliance {unknown}
 n - a potion of cancellation {unknown}
 q - a potion of flight {unknown}
Comestibles
 f - 6 rations
 w - a chunk of flesh


   Skills:
 + Level 3.6 Fighting
 - Level 1.7 Short Blades
 + Level 3.6 Armour
 + Level 3.9 Shields


You had 4 spell levels left.
You didn't know any spells.
Your spell library contained the following spells:

 Spells                   Type           Power        Failure   Level  Hunger
 Summon Small Mammal      Summ           #...         99%         1    ##.....
 Call Imp                 Summ           #.......     100%        2    ###....
 Call Canine Familiar     Summ           #.......     100%        3    ####...
 Summon Guardian Golem    Hex/Summ       #.......     100%        3    ####...
 Summon Ice Beast         Ice/Summ       #.......     100%        4    #####..
 Summon Lightning Spire   Summ/Air       #.......     100%        4    #####..


Dungeon Overview and Level Annotations

Branches:
Dungeon (4/15)             Temple (0/1) D:4

Altars:
Nemelex Xobeh
Ru

Annotations:
D:4 Dowan, Duvessa


Innate Abilities, Weirdness & Mutations

You have extremely sharp teeth.
Your natural rate of healing is unusually fast.
When hurt, damage is shared between your health and your magic reserves.
Your bite disrupts and absorbs the magic of your enemies.
Potions cannot restore your health.
You are immune to rotting.


Message History

You hit Duvessa but do no damage. You bite Duvessa, but do no damage.
Duvessa is moderately wounded.
You block Duvessa's attack. You block Dowan's attack.
Duvessa hits you with a +2 short sword of protection.
Really walk into that dispersal trap?
You enter a dispersal trap!
Duvessa blinks!
Dowan blinks! x2; You blink.
There is a fountain of clear blue water here.
You are no longer glowing.
The ogre hits you with a +0 giant club!
* * * LOW HITPOINT WARNING * * *
Dowan hits you but does no damage.
Dowan casts a spell.
Dowan blinks!
Duvessa gestures with her weapon.
There is a stone staircase leading up here.
Dowan gestures at Duvessa while chanting.
Duvessa seems to speed up.
The ogre hits you with a +0 giant club!!
Ouch! That really hurt!
You die...

## .# .# .## ..# ..##
#### ###.... ....#####
####......
#.....@#######.........
####..O................
##...e................
##............)####..##
##........)).....# ###
#..................
##...................
#.....e.........#.....
.
#...............##....


You could see Duvessa (fast), an ogre and Dowan.

Vanquished Creatures
  Crazy Yiuf (D:2)
  An orc priest (D:4)
  Terence (D:2)
  A worker ant (D:3)
  2 adders
  2 worms (D:2)
  2 leopard geckos
  3 orcs
  6 bats
  4 goblins
  8 hobgoblins
  12 kobolds
  A ball python (D:1)
  3 frilled lizards
  2 rats (D:2)
49 creatures vanquished.

Notes
Turn   | Place    | Note
-------+----------+-------------------------------------------
     0 | D:1      | gruber the Vine Stalker Fighter began the quest for the
                  | Orb.
     0 | D:1      | Reached XP level 1. HP: 11/11 MP: 2/2
   342 | D:1      | Reached XP level 2. HP: 16/16 MP: 3/3
  1157 | D:2      | Reached XP level 3. HP: 17/20 MP: 4/4
  1242 | D:2      | Found a sparkling altar of Nemelex Xobeh.
  1242 | D:2      | Found a sacrificial altar of Ru.
  1641 | D:2      | Noticed Terence
  1650 | D:2      | Killed Terence
  1650 | D:2      | Gained mutation: Your natural rate of healing is unusually
                  | fast. [Vine Stalker growth]
  1650 | D:2      | Reached XP level 4. HP: 18/24 MP: 5/5
  1844 | D:2      | Found a runed translucent door.
  1845 | D:2      | Noticed Crazy Yiuf
  1863 | D:2      | Killed Crazy Yiuf
  2160 | D:3      | Reached XP level 5. HP: 28/28 MP: 6/6
  3122 | D:4      | Found a staircase to the Ecumenical Temple.
  3131 | D:4      | Noticed Duvessa
  3132 | D:4      | Noticed Dowan
  3133 | D:4      | Noticed an ogre
  3164 | D:4      | Slain by an ogre

Illustrated notes

Levels and vault maps discovered:
D:1:      onia_arrival_pentagram, layout_basic
D:2:      layout_basic, gammafunk_temple_overflow_wave,
          hangedman_decor_slide_cut, uniq_crazy_yiuf_cottage, uniq_terence
D:3:      layout_basic, serial_park_tiny_2
D:4:      layout_cave_pods, minmay_temple_entry_junction_2, first_ration,
          gammafunk_ghost_split, uniq_duvessa

Skill      XL: |  1  2  3 |
---------------+----------+-----
Shields        | 3 |  3.9
Fighting       | 3 |  3.6
Armour         | 3 |  3.6
Short Blades   | |  1.7

Action                   |  1- 3 |  4- 6 || total
-------------------------+-------+-------++-------
Melee: Rapier            |   108 |    85 ||   193
       Bite              |    36 |    26 ||    62
  Eat: Chunk             |     2 |     5 ||     7
Armor: Scale mail        |    39 |    31 ||    70
Dodge: Dodged            |    29 |    18 ||    47
Block: Kite shield       |    52 |    36 ||    88
